 Dungeon Crawl Stone Soup version 0.29.1-15-g9cfb28693d (webtiles) character file.

Game seed: 17357027124050621492

91 Alturiack the Stinger (level 4, 0/21 HPs)
             Began as a Spriggan Venom Mage on Apr 11, 2023.
             Succumbed to an adder's poison
             ... on level 2 of the Dungeon.
             The game lasted 00:06:39 (1894 turns).

Alturiack the Stinger (Spriggan Venom Mage)         Turns: 1894, Time: 00:06:39

Health: 0/21       AC:  2    Str:  4    XL:     4   Next: 33%
Magic:  2/9        EV: 17    Int: 18    God:
Gold:   95         SH:  0    Dex: 15    Spells: 5/8 levels left

rFire   . . .      SeeInvis +   o - +1 short sword (elec)
rCold   . . .      Faith    .   (no shield)
rNeg    . . .      Spirit   .   a - +0 robe
rPois   .          Reflect  .   (helmet restricted)
rElec   .          Harm     .   (no cloak)
rCorr   .          Rampage  .   (gloves unavailable)
Will    .....                   (boots unavailable)
Stlth   ++........              (no amulet)
HPRegen 0.07/turn               (no ring)
MPRegen 0.11/turn               (no ring)

@: mighty, lethally poisoned (0 -> -1), attractive, slowed, quick
A: very small, no large weapons, unfitting armour, see invisible, speed 3
a: no special abilities


You were on level 2 of the Dungeon.
You visited 1 branch of the dungeon, and saw 2 of its levels.

You collected 95 gold pieces.

Inventory:

Hand Weapons
 o - a +1 short sword of electrocution (weapon)
Armour
 a - a +0 robe (worn)
Scrolls
 c - a scroll of immolation {unknown}
 d - a scroll of identify {unknown}
 g - a scroll of poison {unknown}
 i - 2 scrolls of teleportation {unknown}
 j - a scroll of blinking {unknown}
 k - a scroll of vulnerability {unknown}
 l - a scroll of summoning {unknown}
 n - 2 scrolls of fear {unknown}
Potions
 b - a potion of magic
 f - 2 potions of curing {unknown}
 m - 2 potions of heal wounds {unknown}


   Skills:
 - Level 2.6 Dodging
 - Level 3.0 Stealth
 - Level 2.6 Spellcasting
 - Level 1.3 Transmutations
 * Level 5.2 Poison Magic


You had 5 spell levels left.
You knew the following spells:

 Your Spells              Type           Power      Damage    Failure   Level
a - Sting                 Tmut/Pois      56%        1d5       4%          1
b - Poisonous Vapours     Pois/Air       22%        N/A       9%          2

Your spell library contained the following spells:

 Spells                   Type           Power      Damage    Failure   Level
 Sandblast                Erth           4%         2d4       17%         1
 Passwall                 Tmut/Erth      3%         N/A       19%         2
 Olgreb's Toxic Radiance  Pois           21%        N/A       21%         4
 Mephitic Cloud           Conj/Pois/Air  8%         N/A       26%         3
 Stone Arrow              Conj/Erth      4%         3d7       45%         3


Dungeon Overview and Level Annotations

Branches:
Dungeon (2/15)

Altars:


Innate Abilities, Weirdness & Mutations

You are very small and have problems with some larger weapons.
You are too small for most types of armour.
You have supernaturally acute eyesight. (SInv)
You cover ground extremely quickly. (Speed+++)


Message History

Press: ? - help, Dir - move target, f/p - Natasha
Aim: Natasha (moderately wounded) Poisonous vapours surround Natasha!
Natasha is poisoned.
Your magical contamination has completely faded away.
Casting: Poisonous Vapours (safe; 10% risk of failure)
Confirm with . or Enter, or press ? or * to list all spells.
Aiming: Poisonous Vapours (safe; 10% risk of failure)
Press: ? - help, Dir - move target, f/p - Natasha
Aim: Natasha (moderately wounded, poisoned) Poisonous vapours surround Natasha!
Natasha looks even sicker.
Natasha stares at you and mumbles some strange words.
You feel yourself slow down.
Natasha mumbles some strange words.
Casting: Poisonous Vapours (safe; 10% risk of failure)
Confirm with . or Enter, or press ? or * to list all spells.
You don't have enough magic to cast this spell.
Casting: Poisonous Vapours (safe; 10% risk of failure)
Confirm with . or Enter, or press ? or * to list all spells.
You can't see any susceptible monsters within range! (Use Z to cast anyway.)
An adder comes into view.
The adder hisses angrily.
The adder misses you. The adder closely misses you.
You kill Natasha!
You hear a faint echoing roar filled with hate and sorrow!
The adder bites you.
* * * LOW HITPOINT WARNING * * *
You are lethally poisoned!
The adder poisons you!
Your Poison Magic skill increases to level 5!
You have reached level 4!
It was a potion of might.
You feel very mighty all of a sudden.
* * * LOW HITPOINT WARNING * * *
You feel sick. The adder misses you. The adder completely misses you.
It was a potion of attraction.
You feel attractive to monsters.
* * * LOW HITPOINT WARNING * * *
You feel sick. The adder completely misses you. The adder closely misses you.
You die...

#...# #########...#
#......##...# #......##...# .
#......##...# #. #...@..##...#
#.. #......##...# ###...
#....S.##.#.####....)
####....####.#......##..
.......†...............#
#.########.####......†.....####
#......###.5.....##........#
#.##...h...###........####
#.##...5..................


You could see an adder.

Vanquished Creatures
  Jessica (D:2)
  Natasha (D:2)
  4 ball pythons
  7 endoplasms
  3 giant cockroaches
  4 goblins
  2 hobgoblins (D:2)
  3 bats
  3 frilled lizards (D:1)
  7 kobolds
  5 rats
40 creatures vanquished.

Notes
Turn   | Place    | Note
-------+----------+-------------------------------------------
     0 | D:1      | Alturiack the Spriggan Venom Mage began the quest for the
                  | Orb.
     0 | D:1      | Reached XP level 1. HP: 9/9 MP: 5/5
   153 | D:1      | Reached XP level 2. HP: 13/13 MP: 2/6
   414 | D:1      | Found a faded altar of an unknown god.
   760 | D:1      | Reached skill level 4 in Poison Magic
  1024 | D:1      | Learned a level 2 spell: Poisonous Vapours
  1236 | D:2      | Reached XP level 3. HP: 8/16 MP: 5/8
  1501 | D:2      | Noticed Jessica
  1548 | D:2      | Killed Jessica
  1867 | D:2      | Noticed Natasha
  1891 | D:2      | Killed Natasha
  1892 | D:2      | Reached skill level 5 in Poison Magic
  1892 | D:2      | Reached XP level 4. HP: 4/21 MP: 2/9
  1893 | D:2      | HP: 1/21 [poisoned by an adder]
  1894 | D:2      | Succumbed to an adder's poison

Illustrated notes

Levels and vault maps discovered:
D:1:      ebering_hopf_link, layout_rooms, ebering_ecumenical_altar_hall,
          serial_aquarium, aquarium_bridge_square [aquarium_subvault_wall,
          aquarium_subvault_balcony, aquarium_subvault_window,
          aquarium_subvault_bridge], aquarium_window_fake, aquarium_window_1,
          aquarium_window_3, aquarium_view_2c, aquarium_view_2f,
          aquarium_pool_corner, st_stairs_6, minmay_distorted
D:2:      layout_rooms, uniq_natasha, uniq_jessica

Skill      XL: |  1  2  3 |
---------------+----------+-----
Poison Magic   | 4 5 |  5.2
Dodging        | |  2.6
Stealth        | |  3.0
Spellcasting   | |  2.6
Transmutations | |  1.3

Action                   |  1- 3 |  4- 6 || total
-------------------------+-------+-------++-------
 Cast: Sting             |    50 |       ||    50
       Poisonous Vapours |    19 |       ||    19
  Use: Potion            |       |     2 ||     2
Armor: Robe              |     5 |       ||     5
Dodge: Dodged            |    21 |     4 ||    25
